 Dungeon Crawl Stone Soup version 0.28.0-53-g5a82cb258f (webtiles) character file.

Game seed: 11357295938411045491

67995 buhh the Bewitcher (level 15, -7/116 HPs)
             Began as a Formicid Arcane Marksman on June 21, 2022.
             Was a High Priest of Hepliaklqana.
             Mangled by a reaper
             ... wielding a +2 scythe of freezing
              (11 damage)
             ... in an ice cave.
             The game lasted 01:44:06 (32709 turns).

buhh the Bewitcher (Formicid Arcane Marksman)      Turns: 32709, Time: 01:44:06

Health: -7/116     AC: 10    Str: 16    XL:     15   Next: 68%
Magic:  25/25      EV: 15    Int: 19    God:    Hepliaklqana [*****.]
Gold:   966        SH: 11    Dex: 11    Spells: 2/16 levels left

rFire   + + .      SeeInvis +   b - +6 long sword
rCold   . . .      Faith    .   J - +0 buckler "Arumeick" {rPois rF+ rN+}
rNeg    + . .      Spirit   .   E - +0 troll leather armour
rPois   +          Reflect  +   (helmet unavailable)
rElec   .          Harm     .   L - +1 cloak {rF+}
rCorr   .          Rampage  .   l - +0 pair of gloves
Will    +....                   v - +2 pair of boots
Stlth   +++.......              h - amulet of reflection
HPRegen 1.09/turn               i - ring of wizardry
MPRegen 0.19/turn               j - ring of magical power

@: no status effects
A: reduced essence, permanent stasis, dig shafts and tunnels, antennae 3, four
strong arms
a: Dig, Renounce Religion, Recall Ancestor, Ancestor Identity, Transference,
Idealise


You were in an ice cave.
You worshipped Hepliaklqana.
Hepliaklqana was extremely pleased with you.
You visited 4 branches of the dungeon, and saw 22 of its levels.
You also visited: Sewer, Bailey, Ice Cave and Volcano.

You collected 1931 gold pieces.
You spent 965 gold pieces at shops.

Inventory:

Hand Weapons
 a - a +0 hand crossbow
 b - a +6 long sword (weapon)
 H - a +2 dagger of speed
Missiles
 p - 65 poisoned darts
 r - 7 silver javelins
 C - a throwing net {!f}
 G - 7 javelins (quivered)
 S - 30 bolts
Armour
 l - a +0 pair of gloves (worn)
 o - +0 steam dragon scales
 v - a +2 pair of boots (worn)
 A - a +1 cloak
 E - a +0 troll leather armour (worn)
 J - the +0 buckler "Arumeick" (worn) {rPois rF+ rN+}
   (You bought it in a shop on level 8 of the Dungeon)

   rF:        It protects you from fire.
   rPois:     It protects you from poison.
   rN:        It protects you from negative energy.
 L - a +1 cloak of fire resistance (worn)
 Y - a +0 pair of boots of rampaging
Jewellery
 d - a ring of wizardry
 e - a ring of willpower
 f - the necklace of Bloodlust {*Rage Will++ Int-3 Slay+6}
   (You found it on level 12 of the Dungeon)

   [amulet of nothing]

   It extends the wearer's berserk rage when killing foes.
   Int:       It affects your intelligence (-3).
   Slay:      It affects your accuracy & damage with ranged weapons and melee
   (+6).
   *Rage:     It berserks you when you make melee attacks (+50% chance).
   Will:      It greatly increases your willpower.
 h - an amulet of reflection (around neck)
 i - a ring of wizardry (left hand)
 j - a ring of magical power (right hand)
 m - an amulet of regeneration
Wands
 n - a wand of polymorph (12)
 q - a wand of charming (15)
Scrolls
 c - 5 scrolls of blinking {!d}
 g - 4 scrolls of identify {!d}
 t - 4 scrolls of teleportation {!d}
 F - 5 scrolls of enchant weapon
 I - 6 scrolls of vulnerability
 P - 2 scrolls of magic mapping {!r!d}
 Q - 3 scrolls of fog
 R - a scroll of torment
 T - a scroll of immolation {!d}
 U - 2 scrolls of brand weapon
 X - 5 scrolls of amnesia
 Z - 2 scrolls of enchant armour
Potions
 k - 5 potions of flight
 s - 2 potions of resistance {unknown}
 u - 4 potions of brilliance {unknown}
 w - 5 potions of degeneration
 x - a potion of attraction {unknown}
 y - 2 potions of lignification {unknown}
 z - 4 potions of magic {unknown}
 B - 3 potions of ambrosia {!q!d}
 D - a potion of mutation {unknown}
 K - a potion of cancellation {unknown}
 M - 2 potions of heal wounds {!q!d}
 N - 6 potions of curing {!q!d}
 O - 9 potions of haste {!q!d}
 W - 2 potions of berserk rage {unknown}


   Skills:
 - Level 15.0 Fighting
 + Level 4.4 Long Blades
 - Level 10.0 Crossbows
 - Level 3.0 Throwing
 - Level 10.0 Dodging
 - Level 7.0 Stealth
 - Level 10.0 Shields
 - Level 1.1 Spellcasting
 * Level 17.1 Hexes


You had 2 spell levels left.
You knew the following spells:

 Your Spells              Type           Power      Damage    Failure   Level
a - Slow                  Hex            100%       N/A       0%          1
b - Inner Flame           Hex/Fire       33%        N/A       1%          3
c - Confusing Touch       Hex            60%        N/A       1%          3
d - Portal Projectile     Hex/Tloc       66%        N/A       1%          3
e - Cause Fear            Hex            30%        N/A       1%          4

Your spell library contained the following spells:

 Spells                   Type           Power      Damage    Failure   Level
 Apportation              Tloc           2%         N/A       11%         1
 Beastly Appendage        Tmut           2%         N/A       11%         1
 Shock                    Conj/Air       4%         1d3       11%         1
 Sting                    Tmut/Pois      4%         1d3       11%         1
 Wereblood                Tmut           1%         N/A       16%         2
 Dazzling Flash           Conj/Hex       66%        N/A       1%          3
 Tukima's Dance           Hex            60%        N/A       1%          3
 Anguish                  Hex/Necr       16%        N/A       3%          4
 Leda's Liquefaction      Hex/Erth       16%        N/A       3%          4
 Enfeeble                 Hex            30%        N/A       8%          7
 Conjure Flame            Conj/Fire      1%         6-21      30%         3
 Ignite Poison            Fire/Tmut/Pois 1%         N/A       30%         3
 Spider Form              Tmut/Pois      1%         N/A       30%         3
 Vampiric Draining        Necr           1%         2d6       30%         3
 Airstrike                Air            0%         N/A       67%         4
 Iskenderun's Mystic Bla  Conj/Tloc      1%         2d3       67%         4
 Sticky Flame             Conj/Fire      1%         2d3       67%         4
 Summon Lightning Spire   Summ/Air       1%         N/A       67%         4
 Alistair's Intoxication  Tmut/Pois      0%         N/A       94%         5
 Blade Hands              Tmut           0%         N/A       94%         5
 Irradiate                Conj/Tmut      0%         3d13      94%         5
 Lee's Rapid Deconstruct  Erth           0%         3d5*      94%         5
 Lightning Bolt           Conj/Air       0%         1d11      94%         5
 Starburst                Conj/Fire      0%         6d3       100%        6
 Statue Form              Tmut/Erth      0%         N/A       100%        6
 Dragon Form              Tmut           0%         N/A       100%        7
 Borgnjor's Revivificati  Necr           0%         N/A       100%        8
 Necromutation            Tmut/Necr      0%         N/A       100%        8
 Death's Door             Necr           0%         N/A       100%        9
 Swiftness                Air            Unusable   N/A       N/A         3

Dungeon Overview and Level Annotations

Branches:
Dungeon (14/15)            Temple (1/1) D:4            Lair (6/6) D:9
 Shoals (0/4) Lair:2       Spider (0/4) Lair:2        Slime (0/5) Lair:5
    Orc (1/2) D:12         Vaults (0/5) D:13          Sewer (visited)
 Bailey (visited)           IceCv (1/1)             Volcano (visited)

Altars:
Ashenzari
Dithmenos
Elyvilon
Fedhas
Gozag
Hepliaklqana
Makhleb
Nemelex Xobeh
Okawaru
Ru
Sif Muna
Trog
Uskayaw
Vehumet
Xom
Yredelemnul
Zin
The Shining One

Shops:
D:1 *   D:2 [   D:7 *?   D:8 [   D:9 ?[?=(   D:10 *

Portals:
Trove: D:11 (give 18 potions of curing)


Innate Abilities, Weirdness & Mutations

Your life essence is reduced to manifest your ancestor. (-10% HP)
You cannot be hasted, slowed, berserked, paralysed or teleported.
You can dig through walls and to a lower floor.
You have a pair of large antennae on your head. (SInv)
Your four strong arms can wield two-handed weapons with a shield.


Message History

The ice statue glitters chillingly in the dim dungeon light.
The ice statue gestures.
You block the ice beast's attack.
Kaladin hits the ice statue with a +0 broad axe of flaming.
Kaladin melts the ice statue.
The ice statue is destroyed!
The ice beast disappears in a puff of smoke! x2
You swap places.
F - 5 scrolls of enchant weapon (gained 3)
You swap places.
You see here a scroll of torment.
R - a scroll of torment;
K - a fizzy green potion HP restored.
You sense a monster nearby.
You sense a monster nearby.
You open the door.
You sense a monster nearby.
There is an open door here.
You open the door.
There is an open door here.
You open the door.
A reaper comes into view. It is wielding a +2 scythe of freezing.
What are your orders? t - Shout!
Orders for allies: a - Attack new target. r - Retreat! s - Stop attacking. g - Guard the area. f - Follow me.
Anything else - Cancel.
Gang up on whom?
Press: ? - help, Dir - move target, f - reaper
Aim: a reaper, wielding a +2 scythe of freezing Attack!
The reaper hits you from afar with a +2 scythe of freezing!!!
The reaper freezes you!!
Kaladin hits the reaper with a +0 broad axe of flaming!
Kaladin burns the reaper.
The reaper hits you from afar with a +2 scythe of freezing!!!
* * * LOW HITPOINT WARNING * * *
The reaper freezes you!
You die...

#.+ #.# #+# ##.#{
{#.#{ { ###
#8.#+#+#.#+#+ #..
..#.........
#.#####.#.8.8.8.8.
##.#[.)#.#.........
#⌠.R2⌠.#.'.........
##@#=?[#.#.........
#.#####.#.8.8.8.8.
#.......#.........
######8.#+#+#.#+#+
##.#{ {#.#{ { #.#
#+# #.+ ###


You could see the friendly Kaladin the knight and a reaper (ally target).

Vanquished Creatures
  A boulder beetle (D:13)
  3 hydras
  A centaur warrior (Volcano)
  A two-headed ogre (D:12)
  A hell knight (Volcano)
  A skeletal warrior (D:12)
  An orc knight (Bailey)
  A lindwurm (Lair:1)
  2 ugly things (D:14)
  4 manticores
  2 cyclopes (D:11)
  An elephant (Lair:2)
  A black mamba (Lair:1)
  3 cane toads
  A komodo dragon (Lair:3)
  A wind drake (Lair:2)
  Prince Ribbit (Lair:3)
  3 hornets
  A dream sheep (Lair:6)
  6 blink frogs
  A meliai zombie (D:11)
  4 spriggans
  7 yaks
  Grum (D:11)
  6 water moccasins
  An ice beast (D:5)
  4 orc warriors
  A meliai simulacrum (D:12)
  A black bear (Lair:6)
  2 boggarts (Lair:6)
  3 ogres
  14 wolves
  3 centaurs
  A kobold brigand (D:11)
  A bullfrog (Lair:2)
  A water moccasin zombie (D:6)
  An elephant simulacrum (Orc:1)
  A howler monkey (D:12)
  A bullfrog zombie (D:3)
  A centaur zombie (D:8)
  A bullfrog skeleton (D:6)
  A hound (D:6)
  An iguana (D:5)
  11 jellies
  4 orc wizards
  A spriggan simulacrum (Orc:1)
  2 hell rats (Lair:6)
  A troll simulacrum (Orc:1)
  A wolf simulacrum (Orc:1)
  A hound zombie (D:5)
  A hound skeleton (D:5)
  A howler monkey zombie (D:8)
  15 gnolls
  7 adders
  2 naga simulacra (Orc:1)
  3 river rats
  A white imp (D:4)
  An adder skeleton (D:5)
  A worm (D:3)
  2 dart slugs
  9 orcs
  11 ball pythons
  16 endoplasms
  4 giant cockroaches
  18 hobgoblins
  4 jackals
  3 quokkas
  5 bats
  9 frilled lizards
  28 goblins
  10 kobolds
  9 rats
  A butterfly (Lair:3)
276 creatures vanquished.

Vanquished Creatures (collateral kills)
  Nessos (Lair:4)
  Josephine (D:12)
  3 hydras
  A catoblepas (Lair:4)
  4 centaur warriors
  3 two-headed ogres
  Urug (D:12)
  3 death yaks
  A deep elf pyromancer (D:12)
  5 ugly things
  3 manticores
  An oklob plant (D:9)
  A wolf spider (Lair:1)
  A cyclops (D:11)
  17 elephants
  2 ice statues (IceCv)
  A torpor snail (Lair:5)
  3 black mambas
  6 cane toads
  2 gargoyles
  2 unseen horrors
  A rime drake (Lair:3)
  A kobold demonologist (D:11)
  10 komodo dragons
  An ice devil (IceCv)
  A polar bear (Lair:4)
  A hornet (Lair:6)
  3 trolls
  14 blink frogs
  4 slime creatures (D:12)
  A dream sheep (Lair:6)
  A spriggan (Lair:6)
  A shadow (D:13)
  5 wyverns
  7 wraiths
  19 yaks
  2 steam dragons (D:8)
  9 basilisks
  10 vampire mosquitoes
  2 redbacks (Lair:2)
  2 wargs (Orc:1)
  8 water moccasins
  11 orc warriors
  A sky beast (D:6)
  A boggart (Lair:6)
  2 black bears (Lair:6)
  2 ogres (Orc:1)
  22 wolves
  10 centaurs
  3 kobold brigands
  9 bullfrogs
  A wyvern zombie (D:8)
  A scorpion (D:5)
  A cane toad simulacrum (IceCv)
  2 wyvern skeletons (D:7)
  A water moccasin skeleton (D:6)
  An elephant simulacrum (Orc:1)
  3 killer bees (D:9)
  An oklob sapling (D:9)
  3 howler monkeys
  6 electric eels
  4 wights (D:8)
  2 bullfrog zombies
  2 centaur zombies
  A centaur skeleton (D:7)
  A hound (D:9)
  A human zombie (D:8)
  An orc priest (D:9)
  A gnoll shaman (D:9)
  A jelly (D:6)
  2 iguanas (D:5)
  3 orc wizards
  2 hell rats (Lair:6)
  A polar bear simulacrum (IceCv)
  2 troll simulacra
  A spriggan simulacrum (IceCv)
  A wolf simulacrum (IceCv)
  2 killer bee zombies
  A hound skeleton (D:5)
  2 mummies (D:8)
  2 howler monkey zombies
  6 gnolls
  4 adders (D:9)
  2 naga simulacra (IceCv)
  2 white imps (D:7)
  3 ufetubi
  31 orcs
  12 goblins
  10 hobgoblins
  25 kobolds
  4 ball pythons (D:9)
  A frilled lizard (D:2)
  A butterfly (Lair:3)
380 creatures vanquished.

Vanquished Creatures (others)
  24 knights
  2 ancestors (D:5)
  2 bushes (Lair:6)
  44 fungi
  80 plants
152 creatures vanquished.

Grand Total: 808 creatures vanquished

Notes
Turn   | Place    | Note
-------+----------+-------------------------------------------
     0 | D:1      | buhh the Formicid Arcane Marksman began the quest for the
                  | Orb.
     0 | D:1      | Reached XP level 1. HP: 15/15 MP: 2/2
   126 | D:1      | Found a faded altar of an unknown god.
   174 | D:1      | Reached XP level 2. HP: 21/21 MP: 3/3
   379 | D:1      | Found Hehivvecw's Assorted Antiques.
  1351 | D:2      | Noticed an ogre
  1718 | D:1      | Reached XP level 3. HP: 19/27 MP: 4/4
  3014 | D:2      | Reached XP level 4. HP: 34/34 MP: 5/5
  3779 | D:2      | Killed an ogre
  3780 | D:2      | Reached XP level 5. HP: 42/42 MP: 6/6
  3800 | D:2      | Found Kozearir's Antique Armour Emporium.
  4057 | D:3      | You fall into a shaft and drop 1 floor!
  4064 | D:4      | Noticed a water moccasin
  4076 | D:4      | Killed a water moccasin
  4077 | D:4      | Reached XP level 6. HP: 37/49 MP: 5/7
  4174 | D:4      | Found a staircase to the Ecumenical Temple.
  4533 | D:4      | Found a glowing drain.
  4537 | Sewer    | Entered a sewer
  5319 | Sewer    | Reached XP level 7. HP: 43/56 MP: 8/8
  5739 | Sewer    | Found a viscous altar of Jiyva.
  6487 | Temple   | Entered the Ecumenical Temple
  6503 | Temple   | Became a worshipper of Hepliaklqana the Forgotten
  6969 | D:3      | Found a white marble altar of Elyvilon.
  7254 | D:3      | Found a glowing golden altar of the Shining One.
  7255 | D:3      | Found a shadowy altar of Dithmenos.
  7722 | D:3      | Reached * piety under Hepliaklqana
  8286 | D:3      | Reached XP level 8. HP: 54/58 MP: 9/9
  8665 | D:5      | Entered Level 5 of the Dungeon
  9939 | D:6      | Found an iron altar of Okawaru.
 10020 | D:6      | Reached ** piety under Hepliaklqana
 10026 | D:6      | Reached XP level 9. HP: 63/66 MP: 8/10
 10030 | D:6      | Learned a level 3 spell: Inner Flame
 10417 | D:7      | Found a glowing silver altar of Zin.
 10454 | D:7      | Found Buomp's Elemental Accessories.
 10495 | D:7      | Reached skill level 4 in Hexes
 10600 | D:7      | Found a sparkling altar of Nemelex Xobeh.
 10610 | D:7      | Remembered your ancestor Kaladin as a knight
 10739 | D:7      | Reached skill level 5 in Hexes
 10842 | D:7      | Found Tepaff's Magic Scroll Shop.
 10845 | D:7      | Bought a scroll of identify for 28 gold pieces
 11154 | D:8      | Noticed a two-headed ogre
 11176 | D:8      | Killed a two-headed ogre
 11177 | D:8      | Reached skill level 6 in Hexes
 11251 | D:8      | Reached skill level 7 in Hexes
 11255 | D:8      | Learned a level 3 spell: Confusing Touch
 11408 | D:8      | Found Ywkadd's Antique Armour Emporium.
 11414 | D:8      | Bought a fine buckler for 209 gold pieces
 11414 | D:8      | Identified the +0 buckler "Arumeick" {rPois rF+ rN+} (You
                  | bought it in a shop on level 8 of the Dungeon)
 11665 | D:8      | Reached XP level 10. HP: 72/72 MP: 11/11
 11682 | D:8      | Found a basalt altar of Yredelemnul.
 11836 | D:8      | Reached skill level 8 in Hexes
 12093 | D:9      | Found Xunoleon's Magic Scroll Shop.
 12301 | D:9      | Found Teiweos's Magic Scroll Shop.
 12481 | D:9      | Found Qihiqyr's Antique Weapon Shop.
 12509 | D:9      | Reached *** piety under Hepliaklqana
 12531 | D:9      | Found Zuaho's Jewellery Shop.
 12531 | D:9      | Noticed a two-headed ogre
 12542 | D:9      | Killed a two-headed ogre
 12543 | D:9      | Reached skill level 9 in Hexes
 12612 | D:9      | Reached skill level 10 in Hexes
 12895 | D:9      | Noticed an elephant
 12919 | D:9      | Killed an elephant
 13234 | D:10     | Entered Level 10 of the Dungeon
 13234 | D:10     | Noticed a two-headed ogre
 13255 | D:10     | Found Dugajoth's General Store.
 13258 | D:10     | Killed a two-headed ogre
 13259 | D:10     | Reached XP level 11. HP: 77/77 MP: 12/12
 13441 | D:10     | Found a flagged portal.
 13468 | Bailey   | Entered a bailey
 13795 | Bailey   | Noticed an orc knight
 13810 | Bailey   | Killed an orc knight
 14796 | D:9      | Found a staircase to the Lair.
 14952 | D:9      | Found Zolitay's Armour Boutique.
 15139 | D:9      | Noticed an oklob plant
 15159 | D:9      | Killed an oklob plant
 15585 | D:9      | Got Sif Muna's Tome of Nature
 15590 | D:9      | Learned a level 3 spell: Portal Projectile
 15650 | D:10     | Found a broken altar of Ashenzari.
 15906 | D:10     | Noticed a four-headed hydra
 15938 | D:10     | Noticed a centaur warrior
 16003 | D:10     | Reached XP level 12. HP: 86/87 MP: 13/13
 16116 | Lair:1   | Entered Level 1 of the Lair of Beasts
 16278 | Lair:1   | Found a dark tunnel.
 16301 | Volcano  | Entered a volcano
 16322 | Volcano  | Noticed a centaur warrior
 16339 | Volcano  | Killed a centaur warrior
 16368 | Volcano  | Found a burning altar of Makhleb.
 16389 | Volcano  | Noticed a hell knight
 16407 | Volcano  | Killed a hell knight
 17121 | Lair:1   | Reached **** piety under Hepliaklqana
 18495 | D:11     | Reached XP level 13. HP: 92/92 MP: 14/14
 18573 | D:11     | Noticed Grum
 18591 | D:11     | Killed Grum
 19029 | D:9      | Learned a level 4 spell: Cause Fear
 19069 | D:10     | Killed a four-headed hydra
 19243 | Lair:2   | Reached skill level 11 in Hexes
 19612 | Lair:2   | Found a hole to the Spider Nest.
 19616 | Lair:2   | Identified the +2 dagger "Soik" {holy, rPois rC+ SInv
                  | Stlth+}
 19828 | Lair:2   | Identified a scroll of acquirement
 19828 | Lair:2   | Acquired 256 gold pieces
 20130 | Lair:3   | Reached skill level 12 in Hexes
 21112 | Lair:3   | Noticed Prince Ribbit
 21217 | Lair:3   | Reached skill level 11 in Fighting
 21384 | Lair:3   | Killed Prince Ribbit
 21840 | Lair:3   | Reached ***** piety under Hepliaklqana
 22659 | Lair:4   | Noticed a catoblepas
 22665 | Lair:4   | Noticed Nessos
 22687 | Lair:4   | Killed Nessos
 22697 | Lair:4   | Killed a catoblepas
 22698 | Lair:4   | Reached XP level 14. HP: 98/104 MP: 12/15
 24151 | D:2      | Bought a pair of runed boots for 180 gold pieces
 24151 | D:2      | Bought a pair of gloves for 108 gold pieces
 24708 | Lair:2   | Found a staircase to the Shoals.
 25889 | Lair:5   | Found a staircase to the Slime Pits.
 25995 | Lair:5   | Reached skill level 15 in Fighting
 26160 | Lair:5   | You fall into a shaft and drop 1 floor!
 26160 | Lair:6   | Entered Level 6 of the Lair of Beasts
 26796 | Lair:6   | Reached skill level 13 in Hexes
 27249 | Lair:6   | Noticed a dire elephant
 27823 | Lair:3   | Reached skill level 14 in Hexes
 28156 | D:11     | Found a portal to a secret trove of treasure.
 28343 | D:12     | Found the necklace of Bloodlust {*Rage Will++ Int-3 Slay+6}
 28504 | D:12     | Reached XP level 15. HP: 109/110 MP: 16/16
 28671 | D:12     | Noticed Josephine
 28679 | D:12     | Killed Josephine
 28680 | D:12     | Reached skill level 15 in Hexes
 28767 | D:12     | Found a staircase to the Orcish Mines.
 29001 | D:12     | Noticed Urug
 29113 | D:12     | Killed Urug
 29780 | D:8      | Bought a shiny orb for 264 gold pieces
 29783 | D:8      | Bought an embroidered scarf for 176 gold pieces
 30272 | D:13     | Noticed an ironbound preserver
 30557 | D:13     | Reached skill level 16 in Hexes
 31296 | D:13     | Found a gate to the Vaults.
 31802 | Orc:1    | Entered Level 1 of the Orcish Mines
 31998 | Orc:1    | Reached skill level 17 in Hexes
 32025 | Orc:1    | Found a frozen archway.
 32076 | IceCv    | Entered an ice cave
 32707 | IceCv    | Noticed a reaper
 32709 | IceCv    | HP: 4/116 [reaper/+2 scythe of freezing (44)]
 32709 | IceCv    | Mangled by a reaper

Illustrated notes

Levels and vault maps discovered:
D:1:      scummos_arrival_gate, layout_loops_ring, serial_shops, shop_statue,
          shapermc_ecumenical_altar_ellora
D:2:      minmay_spotlight, layout_rooms, serial_shops,
          nicolae_shop_statue_plus, mrwooster_statue_mirror
D:3:      minmay_goblin_kobold_castle, layout_basic,
          mainiacjoe_overflow_alcove_2, gammafunk_temple_overflow_statue
D:4:      layout_rooms, minmay_temple_entry_enclosed_plants,
          gup_sewer_entry_spiral
D:5:      layout_basic
D:6:      layout_gridville, okawaru_ov_weapons_minmay, serial_undead,
          serial_undead_f, serial_undead_c, serial_undead_c, serial_undead_e
D:7:      layout_basic, mainiacjoe_overflow_concentric_impassable,
          mainiacjoe_overflow_paths, serial_shops, kennysheep_mini,
          nicolae_elemental_shop, uniq_crazy_yiuf_cottage
D:8:      layout_rooms, lemuel_mausoleum_altar_yredelemnul, serial_shops, shop
D:9:      layout_rooms, david_lair_generic, serial_shops, shop,
          nicolae_shop_competitors_out_of_business, shop, shop, shop,
          introduction_to_nature_2
D:10:     minmay_chambers_of_sixes, layout_rooms, lemuel_crystal_altar,
          serial_shops, nicolae_shop_statue_plus, enter_bailey_4,
          amethyst_killhole, kennysheep_decorative_pillar
D:11:     layout_roguey, enter_trove_6, uniq_grum
D:12:     cheibrodos_elevator_heist, layout_basic, orc_0_dummy, uniq_urug,
          uniq_josephine
D:13:     layout_gridville, skrybe_vaults_entry_preservation
D:14:     minmay_open_boxes_in_corner, layout_irregular_city,
          nrook_mini_backslash, kennysheep_four_rooms, uniq_rupert, uniq_kirke,
          uniq_agnes, uniq_azrael
Temple:   eino_narrow_crystal_temple
Lair:1:   layout_regular_city, nicolae_volcano_entry_vermiform,
          nicolae_lair_run_with_the_wolves
Lair:2:   layout_cave_pods, minmay_shoals_entry_beasts, spider_nest_entry_webs,
          serial_bayou_shore_a, infiniplex_staircase_pool
Lair:3:   layout_regular_city, lemuel_fruit_fields, uniq_prince_ribbit2
Lair:4:   layout_gridlike, uniq_nessos
Lair:5:   layout_roguey, nicolae_slime_entry_slimehenge, st_stairs_6,
          serial_bayou_shore_b
Lair:6:   minmay_lair_end_enchanted_forest, layout_concentric_octagons,
          infiniplex_staircase_pool_2
Orc:1:    layout_caves, portal_ice_cave_entry_ice_simulacra,
          nicolae_shop_self_help
IceCv:    ice_cave_tombish

Skill      XL: |  1  2  3  4  5  6  7  8  9 10 11 12 13 14 15 |
---------------+----------------------------------------------+-----
Fighting       | 2 3 4 5 6 8 9 10 12 15 | 15.0
Crossbows      | 3 4 5 6 7 9 10 | 10.0
Hexes          | 7 10 12 14 17 | 17.1
Shields        | 7 10 | 10.0
Stealth        | 7 |  7.0
Dodging        | 9 10 | 10.0
Throwing       | 3 |  3.0
Long Blades    | 4 |  4.4
Spellcasting   | |  1.1

Action                   |  1- 3 |  4- 6 |  7- 9 | 10-12 | 13-15 || total
-------------------------+-------+-------+-------+-------+-------++-------
Melee: Dagger            |   139 |    83 |   277 |    95 |   338 ||   932
       Punch             |       |     1 |     3 |       |       ||     4
       Long sword        |       |       |       |       |    83 ||    83
 Fire: Hand crossbow     |    17 |    68 |   157 |   260 |    90 ||   592
Throw: Dart              |       |       |       |       |    56 ||    56
       Javelin           |       |       |       |       |     2 ||     2
 Cast: Slow              |    34 |     8 |    76 |   116 |   162 ||   396
       Portal Projectile |       |       |       |     6 |     3 ||     9
       Inner Flame       |       |       |       |     2 |    36 ||    38
       Cause Fear        |       |       |       |       |    57 ||    57
       Confusing Touch   |       |       |       |       |     9 ||     9
Invok: Ancestor Identity |       |       |     1 |       |       ||     1
       Recall Ancestor   |       |       |     1 |     4 |     4 ||     9
       Ancestor Life: Kn |       |       |     1 |       |       ||     1
       Transference      |       |       |       |     2 |     9 ||    11
       Idealise          |       |       |       |       |     4 ||     4
 Abil: Dig               |       |       |       |       |     7 ||     7
       Shaft Self        |       |       |       |       |     1 ||     1
Evoke: Wand              |       |       |     3 |     6 |    60 ||    69
  Use: Scroll            |       |       |    11 |     4 |     6 ||    21
       Potion            |       |       |       |     2 |     9 ||    11
 Stab: Paralysed         |       |       |       |     3 |       ||     3
       Distracted        |       |       |       |     2 |     2 ||     4
       Confused          |       |       |       |       |     3 ||     3
       Invisible         |       |       |       |       |     1 ||     1
       Sleeping          |       |       |       |       |     1 ||     1
Armor: Robe              |    20 |    20 |    62 |     8 |       ||   110
       Steam dragon scal |       |       |       |    36 |       ||    36
       Troll leather arm |       |       |       |    40 |   168 ||   208
Dodge: Dodged            |   112 |    64 |   160 |   151 |   403 ||   890
Block: Buckler           |       |       |       |    69 |   218 ||   287
       Reflection        |       |       |       |       |    12 ||    12
